 Dungeon Crawl Stone Soup version 0.23-a0-650-ga4d50d4 (console) character file.

18 Duffy the Firebug (level 2, 19/19 HPs)
             Began as a Demonspawn Fire Elementalist on Jan 2, 2019.
             Quit the game on level 1 of the Dungeon.
             The game lasted 00:01:54 (1006 turns).

Duffy the Firebug (Demonspawn Fire Elementalist)    Turns: 1006, Time: 00:01:55

Health: 19/19      AC:  5    Str:  8    XL:     2   Next: 51%
Magic:  5/5        EV: 12    Int: 16    God:
Gold:   18         SH:  0    Dex: 13    Spells: 4/5 levels left

rFire    . . .     SeeInvis .   e - +0 dagger
rCold    . . .     Gourm    .   (no shield)
rNeg     . . .     Faith    .   a - +0 robe
rPois    .         Spirit   .   b - +0 helmet
rElec    .         Reflect  .   (no cloak)
rCorr    .         Harm     .   (no gloves)
MR       .....                  (no boots)
Stlth    ++........             (no amulet)
HPRegen  0.06/turn              (no ring)
MPRegen  0.09/turn              (no ring)

@: no status effects
A: icy blue scales 1
a: no special abilities


You were on level 1 of the Dungeon.
You were not hungry.

You visited 1 branch of the dungeon, and saw 1 of its levels.

You collected 18 gold pieces.

Inventory:

Hand Weapons
 e - a +0 dagger (weapon)
Armour
 a - a +0 robe (worn)
 b - a +0 helmet (worn)
Scrolls
 d - 3 scrolls of identify {unknown}
 f - 2 scrolls of amnesia {unknown}
Potions
 g - a potion of curing {unknown}
 h - a potion of flight {unknown}
Comestibles
 c - 4 rations


   Skills:
 - Level 1.7 Dodging
 - Level 1.7 Stealth
 + Level 2.0 Spellcasting
 + Level 2.6 Conjurations
 + Level 2.6 Fire Magic


You had 4 spell levels left.
You knew the following spells:

 Your Spells              Type           Power        Failure   Level  Hunger
h - Flame Tongue          Conj/Fire      ##...        7%          1    #......

Your spell library contained the following spells:

 Spells                   Type           Power        Failure   Level  Hunger
 Throw Flame              Conj/Fire      ##....       11%         2    ###....
 Conjure Flame            Conj/Fire      ##......     22%         3    ###....
 Inner Flame              Hex/Fire       #.......     34%         3    ###....
 Sticky Flame             Conj/Fire      ##......     56%         4    #####..
 Fireball                 Conj/Fire      ##........   89%         5    ######.


Dungeon Overview and Level Annotations

Branches:
Dungeon (1/15)

Altars:


Innate Abilities, Weirdness & Mutations

You are partially covered in icy blue scales. (AC +2)


Message History

You see here a knobbly bronze ring.
h - a brown potion You aren't carrying any pieces of jewellery.
Unknown command.
Found a stone staircase leading down.
There is a stone staircase leading down here.
There is a stone staircase leading down here.
c - 4 rations (gained 1) Eating a chunk of flesh.
You eat the chunk of flesh.
This raw flesh tastes terrible.
You see here a mace.
You see here a mace.
g - a cyan potion Unknown command.
Save game and exit?
Welcome back, Duffy the Demonspawn Fire Elementalist.
Press ? for a list of commands and other information.
Save game and exit?
Okay, then.
Are you sure you want to abandon this character and quit the game? (Confirm

...................#.#
#.###.##.#.#######)#.# #.#
#.##.#.# ##.#.#
#.###.##.#.######....#
......##.............####
#..........######.........
########.### #.######## #
#.## #.# # #..# #@# ### #
##.# #$# #.. #
######.########### #.#
..................### #.#
####.####.####.#....## #.#
#...##...##...###..# #.#
#%}.##.}.##.}.# ##.# ###
#.# #...##...##...####.#
##.###.# # #.#
##.####.###...#####...##)#


There were no monsters in sight!

Vanquished Creatures
  3 goblins (D:1)
  5 hobgoblins (D:1)
  3 bats (D:1)
  7 rats (D:1)
18 creatures vanquished.

Notes
Turn   | Place    | Note
-------+----------+-------------------------------------------
     0 | D:1      | Duffy the Demonspawn Fire Elementalist began the quest for
                  | the Orb.
     0 | D:1      | Reached XP level 1. HP: 13/13 MP: 3/3
   348 | D:1      | Gained mutation: You are partially covered in icy blue
                  | scales. (AC +2) [demonic ancestry]
   348 | D:1      | Reached XP level 2. HP: 19/19 MP: 0/5
  1006 | D:1      | Quit the game

Vault maps used:
D:1:      dpeg_arrival_chambers_temple_mockup

Skill      XL: |  1 |
---------------+----+-----
Conjurations   | 2 |  2.6
Dodging        | |  1.7
Stealth        | |  1.7
Spellcasting   | |  2.0
Fire Magic     | |  2.6

Action                   || total
-------------------------++-------
Melee: Dagger            ||     3
 Cast: Flame Tongue      ||    29
  Eat: Chunk             ||     1
Armor: Robe              ||     5
Dodge: Dodged            ||     5

Table legend:
 A = Non-vault XP
 B = Vault XP
 C = Vault XP percentage of total XP
 D = Non-vault monster count
 E = Vault monster count
 F = Vault count percentage of total count
                 A         B        C        D         E       F
            +---------+---------+-------+---------+---------+-------
      Total |      27 |       0 |   0.0 |      18 |       0 |   0.0
            +---------+---------+-------+---------+---------+-------
        D:1 |      27 |       0 |   0.0 |      18 |       0 |   0.0
            +---------+---------+-------+---------+---------+-------
